 Dungeon Crawl Stone Soup version 0.31-a0-662-g684573625c (webtiles) character file.

Game seed: 4370689077222336029

58 Revguard the Changeling (level 3, 0/29 HPs)
             Began as a Draconian Shapeshifter on Sept 1, 2023.
             Slain by a gnoll
             ... wielding a +0 spear
              (2 damage)
             ... on level 2 of the Dungeon.
             The game lasted 00:01:56 (732 turns).

Revguard the Changeling (Draconian Shapeshifter)     Turns: 732, Time: 00:01:56

Health: 0/29       AC:  5    Str: 16    XL:     3   Next: 76%
Magic:  3/3        EV: 12    Int: 10    God:
Gold:   40         SH:  0    Dex: 12    Spells: 2/2 levels left

rFire   . .          .
                       - Unarmed
rCold   . . .        (no shield)
rNeg    . . .        (body armour unavailable)
rPois   .            (helmet currently unavailable)
rElec   .            (cloak currently unavailable)
rCorr   .            (gloves currently unavailable)
SInv    .            (boots currently unavailable)
Will    .....        (no amulet)
Stlth   +            (no ring)
HPRegen 0.24/turn    (no ring)
MPRegen 0.08/turn

%: no passive effects
@: beast-form
A: beast (slay +1), AC +5, unfitting armour, cold-blooded
a: Begin Untransformation


You were on level 2 of the Dungeon.
You were a hulking beast.
You visited 1 branch of the dungeon, and saw 2 of its levels.

You collected 40 gold pieces.

Inventory:

Talismans
 b - a beast talisman (active)
 c - a flux talisman
Scrolls
 d - a scroll of silence {unknown}
 e - a scroll of identify {unknown}
 f - a scroll of teleportation {unknown}
 i - a scroll of blinking {unknown}
Potions
 a - a potion of lignification
 g - 2 potions of mutation {unknown}
 h - a potion of curing {unknown}


   Skills:
 + Level 1.8 Fighting
 + Level 2.2 Dodging
 + Level 3.3 Unarmed Combat
 + Level 1.2 Invocations
 + Level 1.1 Evocations
 * Level 3.3 Shapeshifting


You had 2 spell levels left.
You didn't know any spells.
Your spell library was empty.

Dungeon Overview and Level Annotations

Branches:
Dungeon (2/15)

Altars:


Innate Abilities, Weirdness & Mutations

You are a hulking beast.
Your limbs bulge with bestial killing power. (Slay +1)
Your plain brown scales are hard. (AC +5)
You cannot fit into any form of body armour.
You are cold-blooded and may be slowed by cold attacks.


Message History

The gnoll closely misses you.
You completely miss the gnoll.
The gnoll is heavily wounded.
The gnoll hits you with a +0 club.
You hit the gnoll.
The gnoll is severely wounded.
The gnoll barely misses you. The rat bites you but does no damage.
You hit the gnoll.
The gnoll is almost dead.
The gnoll hits you with a +0 club! The rat barely misses you.
You hit the gnoll.
You kill the gnoll!
The rat barely misses you.
Your Evocations skill increases to level 1!
You hit the rat.
You tail-slap the rat, but do no damage.
The rat is heavily wounded.
The rat barely misses you.
You hit the rat.
You kill the rat!
The gnoll barely misses you. The gnoll closely misses you.
The gnoll attacks as it pursues you! The gnoll barely misses you. x2
You see here a rat corpse.
You hit the gnoll. You tail-slap the gnoll.
You kill the gnoll!
The gnoll hits you but does no damage.
Things that are here:
a +0 flail; a gnoll corpse You hit the gnoll.
The gnoll is moderately wounded.
The gnoll hits you with a +0 spear.
* * * LOW HITPOINT WARNING * * *
You closely miss the gnoll. You tail-slap the gnoll.
The gnoll is heavily wounded.
The gnoll hits you with a +0 spear.
* * * LOW HITPOINT WARNING * * *
You hit the gnoll but do no damage.
The gnoll is heavily wounded.
The gnoll hits you with a +0 spear.
You die...

####.###.#...).........
....#.........<.......
#..#.#.#.......######
###......#.......#
#......#.........#
#....#.###.....#
#....#g..........# #..#
#.#.#####.####.# #.
...#...gh†.......
#.#.#######.####.#
#.#.# ..# # #.# ..# #.#
... #. .#.. .##.. .#
#..


You could see a gnoll.

Vanquished Creatures
  3 gnolls
  A dart slug (D:1)
  6 endoplasms (D:1)
  A giant cockroach (D:1)
  2 goblins (D:2)
  2 hobgoblins (D:1)
  3 quokkas (D:1)
  3 ball pythons (D:1)
  A bat (D:2)
  A frilled lizard (D:1)
  4 rats
27 creatures vanquished.

Notes
Turn   | Place    | Note
-------+----------+-------------------------------------------
     0 | D:1      | Revguard the Draconian Shapeshifter began the quest for the
                  | Orb.
     0 | D:1      | Reached XP level 1. HP: 16/16 MP: 1/1
   122 | D:1      | Reached XP level 2. HP: 23/23 MP: 2/2
   365 | D:1      | Reached skill level 1 in Invocations
   392 | D:1      | Reached XP level 3. HP: 26/28 MP: 3/3
   725 | D:2      | Reached skill level 1 in Evocations
   732 | D:2      | Slain by a gnoll

Illustrated notes

Levels and vault maps discovered:
D:1:      mrwooster_arrival_statue_2, layout_basic
D:2:      layout_basic, basic_altar, shapermc_ecumenical_altar_gd

Skill      XL: |  1  2  3 |
---------------+----------+-----
Dodging        | 2 |  2.2
Invocations    | 1 |  1.2
Evocations     | 1 |  1.1
Fighting       | |  1.8
Unarmed Combat | |  3.3
Shapeshifting  | |  3.3

Action                     || total
---------------------------++-------
  Melee: Unarmed           ||    73
         Tailslap          ||     7
         Punch             ||     1
 Armour: Skin              ||    35
  Dodge: Dodged            ||    44

Table legend: (Time is in decaauts)
 A = Elapsed time spent in this place.
 B = Non-inter-level travel time spent in this place.
 C = Inter-level travel time spent in this place.
 D = Time resting spent in this place.
 E = Time spent auto-exploring this place.
 F = Levels seen in this place.
 G = Mean time per level.
                   A        B        C        D        E       F      G
               +--------+--------+--------+--------+--------+-----+--------+
         Total |    735 |    715 |     20 |      0 |    475 |   2 |  367.5 |
       Dungeon |    735 |    715 |     20 |      0 |    475 |   2 |  367.5 |
               +--------+--------+--------+--------+--------+-----+--------+

Top non-repeatable levels by time:
     D:1: 694 daAuts
     D:2: 41 daAuts
